 Dungeon Crawl Stone Soup version 0.30-a0-42-g806c11bf1d (webtiles) character file.

Game seed: 2364088259942462978

617 IdlyInterested the Slasher (level 7, -2/52 HPs)
             Began as a Demonspawn Fighter on Aug 30, 2022.
             Slain by Pikel
             ... wielding a +2 whip of flaming
              (10 damage)
             ... on level 4 of the Dungeon.
             The game lasted 00:10:30 (5211 turns).

IdlyInterested the Slasher (Demonspawn Fighter)     Turns: 5211, Time: 00:10:30

Health: -2/52      AC: 16    Str: 18    XL:     7   Next: 21%
Magic:  7/7        EV:  6    Int: 10    God:
Gold:   264        SH:  0    Dex: 12    Spells: 6/6 levels left

rFire   . . .      SeeInvis .    a - +1 long sword
rCold   . . .      Faith    .    (no shield)
rNeg    . . .      Spirit   .    w - +0 plate armour
rPois   .          Reflect  .    r - +2 hat
rElec   .          Harm     .    (no cloak)
rCorr   .          Rampage  .    (no gloves)
Will    .....                    k - +0 pair of boots
Stlth   ..........               (no amulet)
HPRegen 0.17/turn                (no ring)
MPRegen 0.10/turn                (no ring)

@: no status effects
A: thin metallic scales 1, ignite blood 1, demonic magic 1, demonic touch 1
a: no special abilities


You were on level 4 of the Dungeon.
You visited 1 branch of the dungeon, and saw 4 of its levels.

You collected 264 gold pieces.

Inventory:

Hand Weapons
 a - a +1 long sword (weapon)
 d - a +0 rapier
 v - a +0 falchion
Missiles
 f - 3 silver javelins
 l - 10 poisoned darts (quivered)
Armour
 b - a +0 scale mail
 k - a +0 pair of boots (worn)
 r - a +2 hat (worn)
 w - a +0 plate armour (worn)
Magical Staves
 g - a staff of cold
 j - a staff of fire
Wands
 c - a wand of polymorph (9)
Scrolls
 i - a scroll of butterflies {unknown}
 m - 2 scrolls of teleportation
 q - a scroll of amnesia
Potions
 e - 3 potions of resistance
 h - a potion of heal wounds
 n - 3 potions of mutation {unknown}
 o - a potion of invisibility {unknown}
 p - a potion of curing
 s - 2 potions of attraction {unknown}
 t - 2 potions of cancellation {unknown}


   Skills:
 - Level 3.0 Fighting
 * Level 6.1 Long Blades
 - Level 2.6 Armour
 - Level 3.0 Dodging
 - Level 2.6 Shields
 * Level 2.1 Unarmed Combat


You had 6 spell levels left.
You didn't know any spells.
Your spell library contained the following spells:

 Spells                   Type           Power      Damage    Failure   Level
 Foxfire                  Conj/Fire      0%         2x1d4     100%        1
 Sublimation of Blood     Necr           0%         N/A       100%        2
 Wereblood                Tmut           0%         N/A       100%        2
 Conjure Flame            Conj/Fire      0%         6-21      100%        3
 Inner Flame              Hex/Fire       0%         N/A       100%        3
 Flame Wave               Conj/Fire      0%         2d4       100%        4
 Summon Hydra             Summ           0%         N/A       100%        7


Dungeon Overview and Level Annotations

Branches:
Dungeon (4/15)
 Temple: D:4-7

Altars:
Gozag
Makhleb
Okawaru
Ru

Annotations:
D:4 Pikel


Innate Abilities, Weirdness & Mutations

You are partially covered in thin metallic scales. (AC +2)
Your demonic aura sometimes causes spilled blood to erupt in flames.
Spells you cast may paralyse adjacent enemies.
Your touch may inflict minor irresistible damage on your foes.


Message History

You barely miss Pikel.
Pikel is severely wounded.
Pikel barely misses you.
You hit Pikel. Your touch misses Pikel.
Pikel is almost dead.
Pikel says, "It's all about the gold, really."
Pikel hits you but does no damage.
You closely miss Pikel.
Pikel is almost dead.
Pikel hits you but does no damage.
You hit Pikel but do no damage.
Pikel is almost dead.
Pikel hits you with a +2 whip of flaming!
* * * LOW HITPOINT WARNING * * *
Pikel burns you.
* * * LOW HITPOINT WARNING * * *
Unknown command.
You hit Pikel. Your touch misses Pikel.
Pikel is almost dead.
Pikel hits you but does no damage.
You closely miss Pikel.
Pikel is almost dead.
Pikel hits you but does no damage.
You barely miss Pikel.
Pikel is almost dead.
Pikel hits you but does no damage.
You closely miss Pikel.
Pikel is almost dead.
Pikel hits you but does no damage.
You hit Pikel but do no damage.
Pikel is almost dead.
Pikel hits you but does no damage.
Pikel hits you with a +2 whip of flaming.
* * * LOW HITPOINT WARNING * * *
Pikel burns you.
* * * LOW HITPOINT WARNING * * *
You barely miss Pikel. You punch Pikel, but do no damage.
Pikel is almost dead.
Pikel hits you with a +2 whip of flaming!
You die...

########.#+##. #.#
#........#.##. #.#
#.#####..#..#. #.#
#.#########.#. #.#
#...)...# #.#. #.#
#######.# #... # #.#
.#.....###...
#..S###.###.#.##...##.##
+..555K@...)..........>.
#..5#####.....#.....##.#
# #.#####.....#..#
#.##..........##
#.##.###.....##
########............###
........###............
################.#
##......≈≈≈≈≈
#....#...........#
######§≈....


You could see Pikel, 4 lemures and a ball python.

Vanquished Creatures
  Sigmund (D:4)
  Eustachio (D:4)
  2 hounds (D:4)
  Jessica (D:2)
  Natasha (thrice) (D:2)
  8 adders
  5 dart slugs
  3 orcs
  8 ball pythons
  3 bats
  12 endoplasms
  5 giant cockroaches
  4 goblins
  4 hobgoblins
  8 jackals
  5 quokkas
  2 frilled lizards
  5 kobolds
  2 rats
82 creatures vanquished.

Notes
Turn   | Place    | Note
-------+----------+-------------------------------------------
     0 | D:1      | IdlyInterested the Demonspawn Fighter began the quest for
                  | the Orb.
     0 | D:1      | Reached XP level 1. HP: 18/18 MP: 1/1
    83 | D:1      | Reached skill level 2 in Long Blades
   568 | D:1      | Gained mutation: Your demonic aura sometimes causes spilled
                  | blood to erupt in flames. [demonic ancestry]
   568 | D:1      | Reached XP level 2. HP: 24/24 MP: 2/2
   833 | D:1      | Reached skill level 1 in Dodging
  1132 | D:1      | Gained mutation: Spells you cast may paralyse adjacent
                  | enemies. [demonic ancestry]
  1132 | D:1      | Reached XP level 3. HP: 29/29 MP: 3/3
  1249 | D:1      | Found a faded altar of an unknown god.
  1424 | D:1      | Reached skill level 3 in Long Blades
  2132 | D:2      | Found a sacrificial altar of Ru.
  2192 | D:2      | Reached XP level 4. HP: 28/35 MP: 4/4
  2400 | D:2      | Noticed Jessica
  2406 | D:2      | Killed Jessica
  2720 | D:2      | Noticed Natasha
  2723 | D:2      | Killed Natasha
  2820 | D:2      | Noticed Natasha
  2826 | D:2      | Killed Natasha
  2827 | D:2      | Reached skill level 4 in Long Blades
  2827 | D:2      | Reached XP level 5. HP: 35/41 MP: 5/5
  2945 | D:2      | Noticed Natasha
  2960 | D:2      | Killed Natasha
  4045 | D:3      | Found an iron altar of Okawaru.
  4226 | D:3      | Found a burning altar of Makhleb.
  4722 | D:4      | Noticed Sigmund
  4734 | D:4      | Killed Sigmund
  4735 | D:4      | Reached skill level 5 in Long Blades
  4735 | D:4      | Gained mutation: Your touch may inflict minor irresistible
                  | damage on your foes. [demonic ancestry]
  4735 | D:4      | Reached XP level 6. HP: 28/47 MP: 6/6
  4741 | D:4      | Noticed Eustachio
  4744 | D:4      | Killed Eustachio
  4745 | D:4      | Reached skill level 6 in Long Blades
  4745 | D:4      | Reached skill level 1 in Unarmed Combat
  4745 | D:4      | Gained mutation: You are partially covered in thin metallic
                  | scales. (AC +2) [demonic ancestry]
  4745 | D:4      | Reached XP level 7. HP: 23/52 MP: 7/7
  5064 | D:4      | Found an opulent altar of Gozag.
  5186 | D:4      | Noticed Pikel
  5211 | D:4      | Slain by Pikel

Illustrated notes

Levels and vault maps discovered:
D:1:      onia_arrival_pentagram, layout_basic, serial_curves, eino_curves_02,
          eino_curves_03, shapermc_ecumenical_altar_mp_vishouse,
          minmay_pentomino_z2
D:2:      layout_loops_ring, basic_altar, roderic_roman_lattice,
          minmay_small_reverse_x, uniq_natasha, uniq_jessica
D:3:      layout_loops_ring, lightli_temple_of_fire, okawaru_ov_weapons_minmay
D:4:      layout_basic, mainiacjoe_overflow_brackets, uniq_blork_the_orc,
          uniq_eustachio, uniq_pikel, uniq_sigmund

Skill      XL: |  1  2  3  4  5  6  7 |
---------------+----------------------+-----
Long Blades    | 2 3 4 5 6 |  6.1
Dodging        | 1 2 3 |  3.0
Unarmed Combat | 1 2 |  2.1
Fighting       | |  3.0
Armour         | |  2.6
Shields        | |  2.6

Action                   |  1- 3 |  4- 6 |  7- 9 || total
-------------------------+-------+-------+-------++-------
Melee: Long sword        |   135 |   136 |    32 ||   303
       Unarmed           |       |    14 |     4 ||    18
       Touch             |       |       |     5 ||     5
       Punch             |       |       |     1 ||     1
Throw: Stone             |     6 |       |       ||     6
  Use: Scroll            |     3 |     2 |     2 ||     7
       Potion            |     1 |     1 |       ||     2
Armor: Scale mail        |     5 |       |       ||     5
       Chain mail        |    54 |    66 |       ||   120
       Skin              |    27 |       |       ||    27
       Plate armour      |       |    10 |    17 ||    27
Dodge: Dodged            |    49 |    66 |     9 ||   124
Block: Buckler           |    32 |    27 |       ||    59

Table legend: (Time is in decaauts)
 A = Elapsed time spent in this place.
 B = Non-inter-level travel time spent in this place.
 C = Inter-level travel time spent in this place.
 D = Time resting spent in this place.
 E = Time spent auto-exploring this place.
 F = Levels seen in this place.
 G = Mean time per level.
                   A        B        C        D        E       F      G
               +--------+--------+--------+--------+--------+-----+--------+
         Total |   5302 |   4845 |    457 |   1341 |   2578 |   4 | 1325.5 |
       Dungeon |   5302 |   4845 |    457 |   1341 |   2578 |   4 | 1325.5 |
               +--------+--------+--------+--------+--------+-----+--------+

Top non-repeatable levels by time:
     D:1: 1816 daAuts
     D:2: 1651 daAuts
     D:3: 1359 daAuts
     D:4: 474 daAuts
